 Dungeon Crawl Stone Soup version 0.23.2-30-g0e89c35649 (webtiles) character file.

Game seed: 1958914661833146185

651 Wauder the Skirmisher (level 7, -7/56 HPs)
             Began as a Demonspawn Skald on June 19, 2019.
             Killed by nerve-wracking pain
             ... invoked by an orc priest
              (9 damage)
             ... on level 5 of the Dungeon.
             The game lasted 00:39:20 (5904 turns).

Wauder the Skirmisher (Demonspawn Skald)            Turns: 5904, Time: 00:39:21

Health: -7/56      AC:  9    Str: 13    XL:     7   Next: 28%
Magic:  10/10      EV: 16    Int: 14    God:
Gold:   232        SH:  0    Dex: 18    Spells: 5/10 levels left

rFire    + + .     SeeInvis .   a - +0 mace
rCold    . . .     Gourm    .   (no shield)
rNeg     . . .     Faith    .   w - +1 scale mail {rF+}
rPois    .         Spirit   .   (helmet restricted)
rElec    .         Reflect  .   (no cloak)
rCorr    .         Harm     .   (no gloves)
MR       .....                  (no boots)
Stlth    +.........             (no amulet)
HPRegen  0.18/turn              i - ring of protection from fire
MPRegen  0.12/turn              (no ring)

@: agile
A: antennae 1, molten scales 1, powered by death 1, spiny 1
a: no special abilities


You were on level 5 of the Dungeon.
You were not hungry.

You visited 1 branch of the dungeon, and saw 5 of its levels.

You collected 232 gold pieces.

Inventory:

Hand Weapons
 a - a +0 mace (weapon)
 m - a +2 long sword of protection
   (You found it on level 4 of the Dungeon)
Missiles
 f - 74 stones (quivered)
 x - a throwing net {!f}
Armour
 j - a +0 chain mail
   (You found it on level 1 of the Dungeon)
 t - a cursed -1 leather armour
   (You found it on level 3 of the Dungeon)
 w - a +1 scale mail of fire resistance (worn)
   (You found it on level 3 of the Dungeon)
Jewellery
 i - a ring of protection from fire (left hand)
   (You found it on level 1 of the Dungeon)
Scrolls
 c - a scroll of fog {unknown}
 g - 7 scrolls of identify {@r1}
 h - 2 scrolls of magic mapping
 k - 4 scrolls of noise {unknown}
 n - 3 scrolls of teleportation {unknown}
 p - 2 scrolls of blinking {unknown}
 v - 4 scrolls of remove curse {unknown}
Potions
 b - a potion of magic {unknown}
 d - a potion of might
 o - 2 potions of curing {@q1}
 q - a potion of degeneration {unknown}
 r - 2 potions of mutation {!q}
 z - a potion of brilliance {unknown}
Comestibles
 e - 7 rations {!d}


   Skills:
 * Level 5.2 Fighting
 * Level 4.0 Maces & Flails
 + Level 2.1 Armour
 + Level 3.4 Dodging
 - Level 2.0 Spellcasting
 + Level 3.5 Charms


You had 5 spell levels left.
You knew the following spells:

 Your Spells              Type           Power        Failure   Level  Hunger
a - Infusion              Chrm           ##..         26%         1    ##.....
q - Shroud of Golubria    Chrm/Tloc      #.........   63%         2    ###....
w - Song of Slaying       Chrm           ##......     36%         2    ###....

Your spell library contained the following spells:

 Spells                   Type           Power        Failure   Level  Hunger
 Regeneration             Chrm/Necr      #.........   85%         3    ####...
 Spectral Weapon          Hex/Chrm       #.......     85%         3    ####...


Dungeon Overview and Level Annotations

Branches:
Dungeon (5/15)
 Temple: D:4-7

Altars:
Gozag
Okawaru
Sif Muna
Vehumet

Annotations:
D:4 Edmund


Innate Abilities, Weirdness & Mutations

You have a pair of small antennae on your head.
You are partially covered in molten scales. (AC +2)
You regenerate a little health from kills.
You are partially covered in sharp spines.


Message History

You hit the orc priest but do no damage.
Your magical infusion is running out.
The orc priest barely misses you.
You hit the orc priest but do no damage.
The orc priest looks encouraged for a moment.
You hit the orc priest but do no damage.
The orc priest hits you with a +2 mace of protection.
The sky beast flickers out of sight!
Deactivating autopickup; reactivate with Ctrl-A.
Your scale mail prevents you from hitting the orc priest.
The orc priest hits you but does no damage.
A sky beast appears from thin air!
Reactivating autopickup.
You are no longer magically infusing your attacks.
The orc priest invokes the aid of Beogh against you.
Beogh smites you!
You closely miss the orc priest.
The orc priest hits you with a +2 mace of protection.
* * * LOW HITPOINT WARNING * * *
You are too injured to fight recklessly!
You hit the orc priest but do no damage.
The orc priest barely misses you.
Your magical contamination has completely faded away.
Your scale mail prevents you from hitting the orc priest.
The orc priest hits you with a +2 mace of protection.
* * * LOW HITPOINT WARNING * * *
You hit the orc priest. The orc priest closely misses you.
You barely miss the orc priest.
The orc priest hits you but does no damage.
You hit the orc priest but do no damage.
The orc priest hits you but does no damage.
You hit the orc priest.
The orc priest calls down the wrath of Beogh upon you.
Beogh smites you!
* * * LOW HITPOINT WARNING * * *
You feel better. The orc priest closely misses you.
You feel agile all of a sudden.
The orc priest hits you with a +2 mace of protection.
* * * LOW HITPOINT WARNING * * *
You hit the orc priest but do no damage.
The orc priest calls down the wrath of Beogh upon you.
Beogh smites you!
* * * LOW HITPOINT WARNING * * *
The sky beast flickers out of sight!
Deactivating autopickup; reactivate with Ctrl-A.
As you read the scroll labeled BANAOM TIMU, it crumbles to dust.
The dust glows shimmering lime green!
It was a scroll of random uselessness.
The orc priest mumbles some strange prayers to Beogh against you.
Pain shoots through your body!
You die...

############ ##.....#<....
##............ *******
#............. #.....#*
#............. .......##
#............. ........# ###
#..........<.. Y.......#
#.########...........).
........###..#{o@................
........##.....######............
...........#.### #............
...............#### #...o..###...
......####.#.#<...###.....##...#.
.####,** #.#.............#o..###.
,* *,,* #.###.[^........{.### #.
,* *,,* #.# #..........#### ## ,*
*,,* #.# #..........#


You could see an orc priest.

Vanquished Creatures
  A phantom (D:5)
  An ogre (D:4)
  2 howler monkeys (D:4)
  A bullfrog zombie (D:5)
  A hound (D:4)
  An iguana (D:5)
  2 orc wizards (D:4)
  2 worker ants (D:5)
  10 adders
  A shadow imp (D:5)
  2 oozes
  4 worms
  3 dart slugs
  3 leopard geckos
  8 orcs
  10 bats
  7 giant cockroaches
  5 goblins
  5 hobgoblins
  12 jackals
  4 quokkas
  2 ball pythons
  8 frilled lizards
  4 kobolds
  4 rats (D:3)
103 creatures vanquished.

Notes
Turn   | Place    | Note
-------+----------+-------------------------------------------
     0 | D:1      | Wauder the Demonspawn Skald began the quest for the Orb.
     0 | D:1      | Reached XP level 1. HP: 16/16 MP: 3/3
   243 | D:1      | Found an iron altar of Okawaru.
   733 | D:1      | Gained mutation: You are partially covered in sharp spines.
                  | [demonic ancestry]
   733 | D:1      | Reached XP level 2. HP: 22/23 MP: 5/5
   936 | D:1      | Learned a level 2 spell: Shroud of Golubria
  1530 | D:2      | Reached skill level 3 in Fighting
  1530 | D:2      | Gained mutation: You are partially covered in molten
                  | scales. (AC +2) [demonic ancestry]
  1530 | D:2      | Reached XP level 3. HP: 24/29 MP: 3/6
  2061 | D:2      | Reached XP level 4. HP: 34/35 MP: 7/7
  2626 | D:2      | Found a radiant altar of Vehumet.
  2626 | D:2      | Found a deep blue altar of Sif Muna.
  2627 | D:2      | Found an iron altar of Okawaru.
  2674 | D:2      | Found an opulent altar of Gozag.
  2826 | D:3      | Learned a level 2 spell: Song of Slaying
  3285 | D:3      | Gained mutation: You regenerate a little health from kills.
                  | [demonic ancestry]
  3285 | D:3      | Reached XP level 5. HP: 42/42 MP: 5/8
  3331 | D:3      | Reached skill level 4 in Fighting
  3638 | D:3      | Reached skill level 1 in Armour
  4248 | D:4      | Noticed an ogre
  4357 | D:4      | Noticed Edmund
  4475 | D:4      | Reached XP level 6. HP: 49/49 MP: 9/9
  4608 | D:5      | Entered Level 5 of the Dungeon
  4787 | D:4      | Noticed a hungry ghost
  5220 | D:5      | Noticed a sky beast
  5304 | D:5      | Gained mutation: You have a pair of small antennae on your
                  | head. [demonic ancestry]
  5304 | D:5      | Reached XP level 7. HP: 38/55 MP: 10/10
  5455 | D:4      | Reached skill level 5 in Fighting
  5903 | D:5      | HP: 2/56 [orc priest/divine providence (13)]
  5904 | D:5      | Killed from afar by an orc priest

Skill      XL: |  1  2  3  4  5  6  7 |
---------------+----------------------+-----
Maces & Flails | 2 3 4 |  4.0
Dodging        | 2 3 |  3.4
Fighting       | 3 4 5 |  5.2
Armour         | 1 2 |  2.1
Charms         | 3 |  3.5
Spellcasting   | |  2.0

Action                   |  1- 3 |  4- 6 |  7- 9 || total
-------------------------+-------+-------+-------++-------
Melee: Mace              |    68 |   179 |    39 ||   286
Throw: Stone             |    10 |    55 |       ||    65
 Cast: Infusion          |     5 |    15 |     1 ||    21
       Song of Slaying   |       |     2 |       ||     2
       Shroud of Golubri |       |     1 |     1 ||     2
  Use: Scroll            |       |     5 |     1 ||     6
       Potion            |       |       |     2 ||     2
  Eat: Chunk             |     1 |    10 |     3 ||    14
       Ration            |     1 |       |       ||     1
Armor: Leather armour    |    15 |       |       ||    15
       Ring mail         |       |    53 |     6 ||    59
       Scale mail        |       |       |     2 ||     2
Dodge: Dodged            |    43 |    88 |    16 ||   147
